 Dungeon Sprint DCSS version 0.31.0-11-ge490571c62 (webtiles) character file.

Game seed: 14670761454553907717

900000 DeltaZero the Ruinous (level 12, -7/78 HPs)
             Began as a Tengu Reaver on Feb 9, 2024.
             Was a Follower of Makhleb.
             Mangled by a meat berserker
             ... wielding a +9 battleaxe
              (85 damage)
             ... in the Dungeon (Sprint VIII: "Arena of Blood").
             The game lasted 00:00:32 (9 turns).

DeltaZero the Ruinous (Tengu Reaver)                   Turns: 9, Time: 00:00:34

Health: -7/78      AC:  3    Str: 14    XL:     12   Next: 79%
Magic:  5/27       EV: 21    Int: 14    God:    Makhleb [*.....]
Gold:   0          SH:  0    Dex: 16    Spells: 30/31 levels left

rFire   . . .        h - +∞ Axe of Woe
rCold   . . .        (shield currently unavailable)
rNeg    . . .        a - +0 leather armour
rPois   .            (helmet restricted)
rElec   .            (no cloak)
rCorr   .            (no gloves)
SInv    .            (boots unavailable)
Will    .....        (no amulet)
Stlth   +            (no ring)
HPRegen 0.33/turn    (no ring)
MPRegen 0.20/turn

%: no teleportation, acrobat
@: flying
A: beak, talons 3, evasive flight, acrobatic
a: Renounce Religion


You were in the Dungeon.
You worshipped Makhleb.
Makhleb was aware of your devotion.
You visited 1 branch

Inventory:

Hand Weapons
 h - the +∞ Axe of Woe (weapon)
   (You found it in the Dungeon)
Armour
 a - a +0 leather armour (worn)
Scrolls
 g - a scroll of blinking
Potions
 b - a potion of curing
 c - a potion of heal wounds
 d - a potion of haste
 e - 2 potions of magic
 f - a potion of berserk rage


   Skills:
 + Level 10.4 Fighting
 + Level 5.4 Axes
 + Level 10.8 Dodging
 + Level 20.7 Unarmed Combat
 + Level 10.4 Spellcasting
 + Level 24.6 Conjurations


You had 30 spell levels left.
You knew the following spells:

 Your Spells              Type           Power      Damage    Failure   Level
a - Kiss of Death         Conj/Necr      100%       2d13      1%          1

Your spell library contained the following spells:

 Spells                   Type           Power      Damage    Failure   Level
 Momentum Strike          Conj/Tloc      82%        3d10      1%          2
 Hailstorm                Conj/Ice       41%        3d9       1%          3


Dungeon Overview and Level Annotations

Branches:
Dungeon (1/1)

Altars:
Makhleb


Innate Abilities, Weirdness & Mutations

You have a beak for a mouth.
You have claws for feet.
Your magical flight helps you evade attacks. (EV +4)
You can magically evade attacks while moving or waiting.


Message History

The bag of meat shouts!
The meat berserker shouts!
You hear a shout! x2
You hear a shout!
A bag of meat and a meat berserker come into view.
The bag of meat appears out of thin air!
A bag of meat comes into view. It is wielding a +9 war axe.
The meat berserker shouts!
The bag of meat shouts!
You hear a shout! x2
The bag of meat closely misses you.
A bag of meat comes into view. It is wielding a +9 war axe.
The meat berserker rages.
The bag of meat moves out of view.
You hear a shout!
Unknown command.
You slash the bag of meat! You chop the bag of meat into pieces.
You kill the bag of meat!
Makhleb accepts your kill.
The meat berserker appears out of thin air!
A meat berserker comes into view. It is wielding a +9 battleaxe.
The meat berserker shouts!
The meat berserker rages.
The meat berserker barely misses you. The bag of meat closely misses you.
A bag of meat comes into view. It is wielding a +9 war axe.
Your Fighting skill increases to level 10!
Your Axes skill increases to level 5!
Your Dodging skill increases to level 10!
Your Unarmed Combat skill increases to level 20!
Your Spellcasting skill increases to level 10!
Your Conjurations skill gained 2 levels and is now at level 24!
The bag of meat shouts!
You slash the meat berserker!
You fatally mangle the meat berserker.
You kill the meat berserker!
Makhleb accepts your kill.
You can now gain health from killing.
You slash the bag of meat!
You dissect the bag of meat like a pig carcass.
You kill the bag of meat!
Makhleb accepts your kill.
You hear a shout!
The meat berserker completely misses you.
The meat berserker hits you with a +9 battleaxe!!!!
Ouch! That really hurt!
You die...

#.. ..# #... ..#
. .###... ..###.
........###......
#.O ....._.....
.... #.....#
..... #o.<._# .
......#..)..#....
#.....)@O_.......
.......O###......
...###... ..###.
. #.... ..#
#..... .#
......o.o
...........
...o......


You could see 3 meat berserkers and 3 bags of meat.

Vanquished Creatures
  2 ogres (D)
  2 orcs (D)
4 creatures vanquished.

Notes
Turn   | Place    | Note
-------+----------+-------------------------------------------
     0 | D        | Found the +∞ Axe of Woe
     0 | D        | DeltaZero the Tengu Reaver began the quest for the Orb.
     0 | D        | Reached XP level 1. HP: 12/12 MP: 4/4
     2 | D        | Noticed a meat berserker
     2 | D        | Noticed a bag of meat
     3 | D        | Noticed a bag of meat
     4 | D        | Killed a meat berserker
     4 | D        | Noticed a meat berserker
     4 | D        | Noticed a bag of meat
     5 | D        | Reached skill level 22 in Conjurations
     5 | D        | Reached XP level 2. HP: 27/27 MP: 4/13
     5 | D        | Reached XP level 3. HP: 32/32 MP: 4/15
     5 | D        | Reached XP level 4. HP: 36/36 MP: 4/16
     5 | D        | Reached XP level 5. HP: 41/41 MP: 4/18
     5 | D        | Reached XP level 6. HP: 47/47 MP: 4/19
     5 | D        | Gained mutation: Your magical flight helps you evade
                  | attacks. (EV +4) [Tengu growth]
     5 | D        | Reached XP level 7. HP: 51/51 MP: 4/21
     5 | D        | Reached XP level 8. HP: 56/56 MP: 4/22
     5 | D        | Reached XP level 9. HP: 61/61 MP: 4/23
     5 | D        | Reached XP level 10. HP: 66/66 MP: 4/24
     5 | D        | Reached XP level 11. HP: 71/71 MP: 4/25
     5 | D        | Reached XP level 12. HP: 76/76 MP: 4/26
     5 | D        | Became a worshipper of Makhleb the Destroyer
     5 | D        | Noticed a meat berserker
     7 | D        | Noticed a bag of meat
     7 | D        | Noticed a meat berserker
     7 | D        | Noticed a bag of meat
     7 | D        | Noticed a bag of meat
     8 | D        | Killed a bag of meat
     8 | D        | Noticed a meat berserker
     8 | D        | Noticed a bag of meat
     9 | D        | Reached skill level 10 in Fighting
     9 | D        | Reached skill level 5 in Axes
     9 | D        | Reached skill level 10 in Dodging
     9 | D        | Reached skill level 10 in Spellcasting
     9 | D        | Reached skill level 24 in Conjurations
     9 | D        | Killed a meat berserker
     9 | D        | Reached * piety under Makhleb
     9 | D        | Killed a bag of meat
     9 | D        | Mangled by a meat berserker

Illustrated notes

Levels and vault maps discovered:
D:        meatsprint

Skill      XL: |  1  2  3  4  5  6  7  8  9 10 11 12 |
---------------+-------------------------------------+-----
Fighting       | 9 10 | 10.4
Axes           | 4 5 |  5.4
Dodging        | 9 10 | 10.8
Unarmed Combat | 19 20 | 20.7
Spellcasting   | 9 10 | 10.4
Conjurations   | 22 24 | 24.6

Action                     |  1- 3 |  4- 6 |  7- 9 | 10-12 || total
---------------------------+-------+-------+-------+-------++-------
  Melee: Executioner's axe |     1 |       |       |     2 ||     3
 Armour: Leather armour    |       |       |       |     1 ||     1
  Dodge: Dodged            |       |       |       |     4 ||     4
